 Dungeon Crawl Stone Soup version 0.16-a0-1243-g6e0463c (webtiles) character file.

229 Duskembrace the Ducker (level 5, -1/24 HPs)
             Began as a Felid Fighter on Oct 13, 2014.
             Killed from afar by an orc wizard (8 damage)
             ... with a magic dart
             ... on level 4 of the Dungeon.
             The game lasted 00:12:46 (3742 turns).

Duskembrace the Ducker (Felid Fighter)              Turns: 3742, Time: 00:12:47

Health: -1/24      AC:  1    Str: 12    XL:     5   Next: 71%
Magic:  17/17      EV: 22    Int:  9    God:
Gold:   81         SH:  0    Dex: 17    Spells: 1 memorised, 3 levels left
                                        Lives:  0   Deaths: 1

rFire  . . .     SeeInvis +       - Unarmed
rCold  . . .     Clarity  .     (armour unavailable)
rNeg   . . .     SustAb   .     (shield unavailable)
rPois  +         Gourm    +     (helmet unavailable)
rElec  .         Spirit   .     (cloak unavailable)
rCorr  .         Warding  .     (gloves unavailable)
rMut   .         Stasis   .     (boots unavailable)
MR     .....                    a - amulet of the gourmand
Stlth  ++........               f - ring of magical power
                                r - ring of poison resistance

@: quick, not resistant to hostile enchantments, unstealthy
A: paw claws, no armour, no weapons or thrown items, fangs 3, see invisible,
carnivore 3, speed 1, shaggy fur 1, slow metabolism 1
a: no special abilities


You were on level 4 of the Dungeon.
You were very full.

You visited 1 branch of the dungeon, and saw 4 of its levels.

You collected 81 gold pieces.

Inventory:

Jewellery
 a - an amulet of the gourmand (around neck)
 f - a ring of magical power (right paw)
 r - a ring of poison resistance (left paw)
Magical devices
 n - a wand of random effects (14)
Scrolls
 g - 4 scrolls of remove curse {unknown}
 h - 3 scrolls of magic mapping {unknown}
 j - a scroll of immolation {unknown}
 l - 2 scrolls of amnesia {unknown}
 m - 4 scrolls of identify {unknown}
 o - a scroll of fog {unknown}
 q - 2 scrolls of blinking {unknown}
Potions
 b - a potion of curing
 c - a potion of flight
 e - a potion of might
Books
 s - a book of Flames

   Spells                             Type                      Level
   *Flame Tongue                      Conjuration/Fire             1
   Throw Flame                        Conjuration/Fire             2
   Conjure Flame                      Conjuration/Fire             3
   Inner Flame                        Hexes/Fire                   3
   Sticky Flame                       Conjuration/Fire             4
   Fireball                           Conjuration/Fire             5
Comestibles
 d - a meat ration


   Skills:
 - Level 3.0 Fighting
 + Level 6.8 Dodging
 + Level 6.0 Unarmed Combat
 + Level 0.1 Fire Magic


You had 3 spell levels left.
You knew the following spells:

 Your Spells              Type           Power        Failure   Level  Hunger
a - Flame Tongue          Conj/Fire      #....        38%         1    ##.....


Dungeon Overview and Level Annotations

Branches:
Dungeon (4/15)
 Temple: D:4-7

Altars:

Shops:
D:4 }

Annotations:
D:3 hunterx7d's ghost, average MfDK


Innate Abilities, Weirdness & Mutations

You cannot wear armour.
You are incapable of wielding weapons or throwing items.
Your paws have sharp claws.
You have razor-sharp teeth.
You have supernaturally acute eyesight.
You are carnivorous and can eat meat at any time.
You cover ground quickly.
You are covered in fur (AC +1).
You have a slow metabolism.


Message History

The orc wizard is heavily wounded.
The orc wizard barely misses you.
The orc wizard points at you and mumbles some strange words.
The magic dart hits you!
* * * LOW HITPOINT WARNING * * *
The orc wizard mumbles some strange words.
The orc wizard blinks!
You claw the orc wizard!
The orc wizard begins to bleed from its wounds!
The orc wizard is almost dead.
The orc wizard gestures wildly while chanting.
The orc wizard blinks!
You claw the orc!
You kill the orc!
The orc wizard casts a spell at you.
You easily resist.
You scratch the orc wizard but do no damage.
The orc wizard gestures at you while chanting.
The magic dart hits you!
You die...

#.........##.#
#.#######.##.# #.#
#.##.# #.# #####.##.#
#.# #........## #.#
#.###.#...###### #.#
#.# #...........
##.###.###.#....#####
#.ยงยง@o.)...##.### #
#.###########.# ###
#.# #.# #.. #.....#
#+# #.# #.#.#.#
#>..## #.# #.#o#.#
#.....###.# # #o# #
#.......##.#


#oo #.........#.# #o. +.........'.. You could see an orc wizard.

Vanquished Creatures
  A phantom (D:4)
  A worker ant (D:4)
  Ijyb (D:2)
  Jessica (D:3)
  5 adders
  2 worms (D:3)
  An ooze (D:2)
  7 orcs
  3 ball pythons
  5 bats
  A giant cockroach (D:1)
  11 goblins
  12 hobgoblins
  8 jackals
  6 kobolds
  A quokka (D:4)
  3 giant geckos
  A giant gecko skeleton (D:4)
  2 giant newts
  12 rats
84 creatures vanquished.

Notes
Turn   | Place    | Note
--------------------------------------------------------------
     0 | D:1      | Duskembrace, the Felid Fighter, began the quest for the Orb.
     0 | D:1      | Reached XP level 1. HP: 10/10 MP: 2/2
   543 | D:1      | Reached XP level 2. HP: 9/14 MP: 3/3
  1222 | D:2      | Reached XP level 3. HP: 8/17 MP: 5/5
  1644 | D:2      | Reached skill level 5 in Dodging
  1644 | D:2      | Reached skill level 5 in Unarmed Combat
  2192 | D:2      | Noticed Ijyb
  2205 | D:2      | Killed Ijyb
  2205 | D:2      | Reached XP level 4. HP: 21/21 MP: 7/7
  2760 | D:3      | Killed from afar by an orc wizard
  2761 | D:3      | Reached XP level 3. HP: -5/17 MP: 5/5
  2820 | D:3      | Reached skill level 6 in Dodging
  2843 | D:3      | Reached XP level 4. HP: 14/21 MP: 7/7
  2875 | D:3      | Noticed Jessica
  2893 | D:3      | Killed Jessica
  3126 | D:3      | Noticed hunterx7d's ghost (average MfDK)
  3314 | D:4      | Learned a level 1 spell: Flame Tongue
  3334 | D:4      | Noticed a phantom
  3355 | D:4      | Reached XP level 5. HP: 5/24 MP: 8/8
  3500 | D:4      | Killed a phantom
  3635 | D:4      | Found Yraic's Gadget Shop.
  3742 | D:4      | Killed from afar by an orc wizard

Action                   |  1- 3 |  4- 6 || total
-------------------------+-------+-------++-------
Melee: Unarmed           |   148 |   106 ||   254
 Cast: Flame Tongue      |       |     3 ||     3
  Use: Potion            |     2 |     5 ||     7
 Stab: Sleeping          |     1 |     5 ||     6
  Eat: Chunk             |     9 |     8 ||    17
